 Dungeon Crawl Stone Soup version 0.19.0-11-g3fc08b3 (webtiles) character file.

50 Kirk the Sneak (level 3, -10/18 HPs)
             Began as a Vine Stalker Assassin on Nov 9, 2016.
             Killed from afar by Ijyb (23 damage)
             ... with a wand of lightning
             ... on level 2 of the Dungeon.
             The game lasted 00:02:33 (1274 turns).

Kirk the Sneak (Vine Stalker Assassin)              Turns: 1274, Time: 00:02:34

Health: -10/18     AC:  4    Str: 13    XL:     3   Next: 79%
Magic:  0/4        EV: 12    Int: 11    God:
Gold:   117        SH:  0    Dex: 16    Spells: 0 memorised, 2 levels left

rFire  . . .     SeeInvis .     p - +4 dagger (flame)
rCold  . . .     Gourm    .     c - +0 robe
rNeg   . . .     Faith    .     (no shield)
rPois  .         Spirit   +     (no helmet)
rElec  .         Reflect  .     d - +0 cloak
rCorr  .         Harm     .     (no gloves)
MR     .....                    l - +0 pair of boots
Stlth  +++.......               (no amulet)
                                (no ring)
                                (no ring)

@: no status effects
A: fangs 2, magic shield, antimagic bite, no device heal 3, rot immunity
a: no special abilities


You were on level 2 of the Dungeon.
You were not hungry.

You visited 1 branch of the dungeon, and saw 2 of its levels.

You collected 117 gold pieces.

Inventory:

Hand Weapons
 b - a +0 blowgun
 p - a +4 dagger of flaming (weapon)
Missiles
 e - 8 poisoned needles
 f - 2 curare-tipped needles
Armour
 c - a +0 robe (worn)
 d - a +0 cloak (worn)
 l - a +0 pair of boots (worn)
Scrolls
 a - a scroll of blinking {unknown}
 i - a scroll of teleportation
 j - a scroll of fear {unknown}
 q - a scroll of magic mapping {unknown}
Potions
 k - a potion of flight {unknown}
 n - a potion of curing
 r - a potion of might {unknown}
Comestibles
 g - 2 bread rations
 h - a meat ration
 m - 4 fruits
 o - 2 chunks of flesh


   Skills:
 - Level 1.7 Fighting
 + Level 2.3 Short Blades
 - Level 1.7 Throwing
 + Level 1.1 Dodging
 + Level 6.0 Stealth


You had 2 spell levels left.
You didn't know any spells.

Dungeon Overview and Level Annotations

Branches:
Dungeon (2/15)

Altars:
Makhleb

Annotations:
D:2 Ijyb


Innate Abilities, Weirdness & Mutations

You have extremely sharp teeth.
When hurt, damage is shared between your health and your magic reserves.
Your bite disrupts and absorbs the magic of your enemies.
Potions and wands cannot restore your health.
You are immune to rotting.


Message History

Ijyb misses you.
You hit Ijyb. You burn Ijyb. Your bite misses Ijyb.
Ijyb is moderately wounded.
Ijyb hits you.
You barely miss Ijyb. You bite Ijyb, but do no damage.
Ijyb is moderately wounded.
You hit Ijyb. You burn Ijyb.
Ijyb is heavily wounded.
Ijyb closely misses you.
You hit Ijyb. You burn Ijyb. Your bite misses Ijyb.
Ijyb is severely wounded.
Ijyb hits you but does no damage.
You closely miss Ijyb. Your bite misses Ijyb.
Ijyb is severely wounded.
Ijyb hits you.
You hit Ijyb. You burn Ijyb.
Ijyb is almost dead.
Ijyb zaps a wand.
The bolt of lightning hits you!
Ouch! That really hurt!
You die...

.............#..........###
...........#..............#
.......###.###.############
...).......###.#
##.............#
##..........####
##.......#...# ####
##.........#>####...#
##..............@g#
#..............#....####
..#......##..#.##..##..# .
#.######.#.# ++##..########
..###.........##
##[.......#
..>[...#####...##
###........#
.....#..........#
#...†......#
......######..###
#.(........# .....(.# ##.#
####....######


You could see Ijyb.

Vanquished Creatures
  An ooze (D:2)
  A worm (D:2)
  2 dart slugs
  A leopard gecko (D:1)
  A ball python (D:1)
  2 giant cockroaches
  3 goblins
  8 hobgoblins
  5 bats
  4 frilled lizards
  2 kobolds
  8 rats
38 creatures vanquished.

Notes
Turn   | Place    | Note
-------+----------+-------------------------------------------
     0 | D:1      | Kirk the Vine Stalker Assassin began the quest for the Orb.
     0 | D:1      | Reached XP level 1. HP: 11/11 MP: 2/2
    37 | D:1      | Reached skill level 5 in Stealth
   117 | D:1      | Reached XP level 2. HP: 15/15 MP: 3/3
   142 | D:1      | Reached skill level 1 in Dodging
   505 | D:1      | Reached XP level 3. HP: 12/18 MP: 4/4
  1021 | D:2      | Found a faded altar of an unknown god.
  1060 | D:2      | Reached skill level 6 in Stealth
  1092 | D:2      | Found a burning altar of Makhleb.
  1092 | D:2      | Noticed a blizzard demon
  1185 | D:2      | Noticed Ijyb
  1274 | D:2      | Killed from afar by Ijyb

Skill      XL: |  1  2  3 |
---------------+----------+-----
Stealth        | 5 6 |  6.0
Dodging        | 1 |  1.1
Short Blades   | 2 |  2.3
Fighting       | |  1.7
Throwing       | |  1.7

Action                   || total
-------------------------++-------
Melee: Dagger            ||   116
       Bite              ||    20
  Use: Scroll            ||     5
 Stab: Sleeping          ||    10
  Eat: Chunk             ||     1
Armor: Robe              ||    37
Dodge: Dodged            ||    61
